 Dungeon Crawl Stone Soup version 0.29.1-1-gd02db69 (webtiles) character file.

Game seed: 3857294444207408213

9984 Blorth the Cleaver (level 11, 0/100 HPs)
             Began as a Hill Orc Abyssal Knight on Mar 20, 2023.
             Was a High Priest of Lugonu.
             Slain by a warg (5 damage)
             ... on level 10 of the Dungeon.
             The game lasted 01:06:39 (10605 turns).

Blorth the Cleaver (Hill Orc Abyssal Knight)       Turns: 10605, Time: 01:06:39

Health: 0/100      AC: 14    Str: 25    XL:     11   Next: 55%
Magic:  13/13      EV:  8    Int: 16    God:    Lugonu [*****.]
Gold:   549        SH: 15    Dex: 13    Spells: 10/13 levels left

rFire   . . .      SeeInvis .   n - +8 hand axe "Mulifula" {elec, Str+4 Int+6 Dex+2}
rCold   + . .      Faith    .   t - +2 kite shield
rNeg    + . .      Spirit   .   j - +0 chain mail
rPois   .          Reflect  +   g - +2 helmet
rElec   .          Harm     .   (no cloak)
rCorr   .          Rampage  .   (no gloves)
Will    .....                   (no boots)
Stlth   ..........              k - amulet of reflection
HPRegen 0.26/turn               d - ring of positive energy
MPRegen 0.13/turn               a - ring of protection from cold

@: studying Short Blades
A: no striking features
a: Renounce Religion, Depart the Abyss, Bend Space, Banish, Corrupt, Enter the
Abyss


You were on level 10 of the Dungeon.
You worshipped Lugonu.
Lugonu was extremely pleased with you.
You visited 1 branch of the dungeon, and saw 10 of its levels.
You visited the Abyss 1 time.

You collected 549 gold pieces.

Inventory:

Hand Weapons
 n - the +8 hand axe "Mulifula" (weapon) {elec, Str+4 Int+6 Dex+2}
   (You found it on level 3 of the Dungeon)

   It occasionally discharges a powerful burst of electricity upon striking a
   foe.
   Str:       It affects your strength (+4).
   Int:       It affects your intelligence (+6).
   Dex:       It affects your dexterity (+2).
Armour
 g - a +2 helmet (worn)
 j - a +0 chain mail (worn)
 t - a +2 kite shield (worn)
Jewellery
 a - a ring of protection from cold (right hand)
 d - a ring of positive energy (left hand)
 h - an amulet of regeneration
 k - an amulet of reflection (around neck)
 r - a ring of resist corrosion
 u - the ring of Haiczeitt {rF++ Will++ rCorr Str-2}
   (You found it on level 8 of the Dungeon)

   [ring of resist corrosion]

   Str:       It affects your strength (-2).
   rF:        It greatly protects you from fire.
   rCorr:     It protects you from acid and corrosion.
   Will:      It greatly increases your willpower.
 v - a ring of flight
Wands
 i - a wand of digging (5)
 l - a wand of polymorph (10)
 o - a wand of light (6)
 p - a wand of roots (3)
Scrolls
 c - 5 scrolls of teleportation
 e - 2 scrolls of fear
 f - a scroll of fog
 q - a scroll of amnesia
 s - 4 scrolls of identify
Potions
 b - 2 potions of mutation
 m - 4 potions of curing


   Skills:
 + Level 10.2 Fighting
 + Level 14.4 Axes
 + Level 9.4 Armour
 + Level 3.7 Dodging
 + Level 3.5 Stealth
 + Level 3.6 Shields
 + Level 1.6 Spellcasting
 + Level 1.5 Translocations
 + Level 2.6 Invocations
 + Level 1.1 Evocations


You had 10 spell levels left.
You knew the following spells:

 Your Spells              Type           Power      Damage    Failure   Level
a - Blink                 Tloc           12%        N/A       95%         2
b - Slow                  Hex            4%         N/A       98%         1

Your spell library contained the following spells:

 Spells                   Type           Power      Damage    Failure   Level
 Passwall                 Tmut/Erth      0%         N/A       99%         2
 Sublimation of Blood     Necr           1%         N/A       99%         2
 Wereblood                Tmut           1%         N/A       99%         2
 Lesser Beckoning         Tloc           6%         N/A       99%         3
 Confusing Touch          Hex            1%         N/A       100%        3
 Dazzling Flash           Conj/Hex       2%         N/A       100%        3
 Ozocubu's Armour         Ice            1%         N/A       100%        3
 Vampiric Draining        Necr           1%         2d6       100%        3
 Corpse Rot               Necr/Pois/Air  1%         N/A       100%        4
 Dispel Undead            Necr           1%         3d6       100%        4
 Petrify                  Tmut/Erth      1%         N/A       100%        4
 Blade Hands              Tmut           0%         N/A       100%        5
 Manifold Assault         Tloc           6%         N/A       100%        5
 Metabolic Englaciation   Hex/Ice        0%         N/A       100%        5
 Death Channel            Necr           0%         N/A       100%        6
 Dispersal                Tloc           3%         N/A       100%        6
 Statue Form              Tmut/Erth      0%         N/A       100%        6
 Ozocubu's Refrigeration  Ice            0%         4d7       100%        7
 Summon Hydra             Summ           0%         N/A       100%        7
 Disjunction              Tloc           3%         N/A       100%        8
 Fire Storm               Conj/Fire      0%         6d1       100%        9


Dungeon Overview and Level Annotations

Branches:
Dungeon (10/15)            Temple (0/1) D:5             Orc (0/2) D:10
   Lair: D:8-11

Altars:
Cheibriados
Dithmenos
Hepliaklqana
Kikubaaqudgha
Okawaru
Qazlal
Ru
Vehumet
Xom
Yredelemnul
Zin
The Shining One

Shops:
D:8 !   D:9 *[


Message History

You hear a shout! x4
The howler monkey barely misses you.
You slash the howler monkey!
The howler monkey is severely wounded.
The warg is engulfed in a cloud of scalding steam.
You slash the howler monkey!
Lightning courses through the howler monkey!
You kill the howler monkey!
Lugonu accepts your kill.
You see here a howler monkey corpse.
You closely miss the howler monkey.
The howler monkey hoots and howls with incredible vigour!
You hear a shout! x8; You hear two shouts!
You hear a shout!
You slash the howler monkey!
You kill the howler monkey!
Lugonu accepts your kill.
You hit the warg. You block the warg's attack.
You hit the warg but do no damage.
The warg is moderately wounded.
You closely miss the warg. The warg bites you!
You hit the warg. Lightning courses through the warg!
The warg is severely wounded.
You closely miss the warg. You block the warg's attack. The warg bites you!
You hit the warg.
The warg is almost dead.
You completely miss the warg. The warg closely misses you. The warg bites you!
You completely miss the warg.
The warg is almost dead.
You hit the warg but do no damage. You block the warg's attack.
The warg bites you.
* * * LOW HITPOINT WARNING * * *
The hell hound breathes flames at you. The blast of flame hits you!
* * * LOW HITPOINT WARNING * * *
You barely miss the warg.
The warg is almost dead.
You slash the warg! The warg bites you!
* * * LOW HITPOINT WARNING * * *
The warg bites you.
You die...

≈≈.# ≈###+#
≈#...###################
≈#.oo#..................
≈#####~~≈≈~~≈~~~~h~~~~≈≈
≈≈≈≈≈≈≈≈≈≈~≈≈≈≈≈§≈≈~~≈≈≈
~~~~~~~≈~~≈~~~~~§~~~≈~~~
......†..†.......h......
.P.............h@†......
########################


You could see 2 wargs and a hell hound (catching breath).

Vanquished Creatures
  The ghost of waxwing the Summoner, a journeyman TeSu of Gozag (D:10)
  Amaemon (D:8)
  A gargoyle (D:10)
  An orange demon (D:8)
  A troll (D:8)
  Grinder (D:6)
  A slime creature (D:9)
  A shadow (D:9)
  11 yaks (D:9)
  2 steam dragons
  4 wargs (D:10)
  Edmund (D:6)
  6 water moccasins
  An orc warrior (D:8)
  An ice beast (D:6)
  A sky beast (D:7)
  4 black bears
  An ogre (D:5)
  4 centaurs
  3 kobold brigands
  Blork the orc (D:6)
  5 necrophages
  3 bullfrogs
  A gnoll sergeant (D:9)
  6 scorpions
  7 wights
  9 killer bees (D:10)
  10 howler monkeys
  3 hounds
  9 jellies
  3 gnoll boudas
  5 orc priests
  An iguana (D:6)
  8 orc wizards
  A mummy (D:7)
  17 gnolls
  8 adders
  3 shadow imps (D:7)
  A worm (D:4)
  A dart slug (D:2)
  21 orcs
  3 bats
  15 endoplasms
  4 giant cockroaches
  5 goblins
  4 hobgoblins
  9 quokkas
  4 ball pythons
  4 frilled lizards
  18 kobolds
  5 rats
  3 toadstools (D:2)
244 creatures vanquished.

Vanquished Creatures (collateral kills)
  A kobold (D:2)
  A ball python (D:2)
2 creatures vanquished.

Vanquished Creatures (others)
  16 fungi
  14 plants
  2 toadstools (D:2)
32 creatures vanquished.

Grand Total: 278 creatures vanquished

Notes
Turn   | Place    | Note
-------+----------+-------------------------------------------
     0 | Abyss:1  | Blorth the Hill Orc Abyssal Knight began the quest for the
                  | Orb.
     0 | Abyss:1  | Reached XP level 1. HP: 19/19 MP: 2/2
     1 | D:1      | Escaped the Abyss
   133 | D:1      | Reached skill level 1 in Dodging
   424 | D:1      | Reached XP level 2. HP: 25/27 MP: 3/3
   776 | D:1      | Found a faded altar of an unknown god.
   867 | D:1      | Reached skill level 3 in Axes
  1065 | D:1      | Reached *** piety under Lugonu
  1066 | D:1      | Reached XP level 3. HP: 34/34 MP: 5/5
  1374 | D:2      | Found a sacrificial altar of Ru.
  2108 | D:3      | Reached skill level 4 in Axes
  2108 | D:3      | Reached XP level 4. HP: 26/41 MP: 6/6
  2252 | D:3      | Found a glowing golden altar of the Shining One.
  2262 | D:3      | Reached XP level 5. HP: 43/47 MP: 7/7
  2465 | D:3      | Identified the +8 hand axe "Mulifula" {elec, Str+4 Int+6
                  | Dex+2}
  2517 | D:3      | Noticed a centaur
  2528 | D:3      | Killed a centaur
  2529 | D:3      | Reached skill level 5 in Fighting
  2529 | D:3      | Reached skill level 5 in Axes
  2638 | D:3      | Found an iron altar of Okawaru.
  2643 | D:3      | Found a basalt altar of Yredelemnul.
  2648 | D:3      | Found a shimmering altar of Xom.
  2755 | D:4      | Reached skill level 1 in Stealth
  2755 | D:4      | Reached XP level 6. HP: 48/56 MP: 8/8
  3029 | D:4      | Reached skill level 6 in Axes
  3152 | D:4      | Found a shadowy altar of Dithmenos.
  3386 | D:5      | Entered Level 5 of the Dungeon
  3398 | D:5      | Reached XP level 7. HP: 59/61 MP: 9/9
  3855 | D:5      | Found a stormy altar of Qazlal.
  4001 | D:5      | Reached skill level 7 in Axes
  4013 | D:5      | Found a staircase to the Ecumenical Temple.
  4071 | D:5      | Reached XP level 8. HP: 49/70 MP: 10/10
  4333 | D:5      | Reached skill level 8 in Axes
  4333 | D:5      | Reached skill level 5 in Armour
  4656 | D:6      | Reached **** piety under Lugonu
  4794 | D:6      | Learned a level 2 spell: Blink
  4909 | D:6      | Reached skill level 9 in Axes
  4918 | D:6      | HP: 3/71 [poisoned by a water moccasin]
  5537 | D:6      | Reached XP level 9. HP: 79/79 MP: 11/11
  5611 | D:6      | Reached skill level 10 in Axes
  5695 | D:6      | Noticed Grinder
  5705 | D:6      | Killed Grinder
  5745 | D:6      | Noticed Edmund
  5745 | D:6      | Noticed Blork the orc
  5761 | D:6      | Killed Edmund
  5772 | D:6      | Killed Blork the orc
  6254 | D:7      | Reached skill level 11 in Axes
  6284 | D:7      | Found a snail-covered altar of Cheibriados.
  6456 | D:7      | Found a radiant altar of Vehumet.
  7004 | D:7      | Found an ancient bone altar of Kikubaaqudgha.
  7408 | D:8      | Reached skill level 1 in Spellcasting
  7436 | D:8      | Noticed a troll
  7446 | D:8      | Killed a troll
  7447 | D:8      | Reached skill level 1 in Translocations
  7447 | D:8      | Reached XP level 10. HP: 69/89 MP: 12/12
  7595 | D:8      | Noticed an orange demon
  7616 | D:8      | Killed an orange demon
  7617 | D:8      | Reached skill level 12 in Axes
  7692 | D:8      | Noticed Amaemon
  7705 | D:8      | Killed Amaemon
  7706 | D:8      | Reached skill level 1 in Shields
  8068 | D:8      | Found Zyutsolo's Distillery.
  8223 | D:8      | Identified the ring of Haiczeitt {rF++ Will++ rCorr Str-2}
  8992 | D:9      | Found Nokkebase's Gadget Gallery.
  9495 | D:9      | Found a hazy altar of Hepliaklqana.
  9509 | D:9      | Learned a level 1 spell: Slow
  9598 | D:9      | Reached ***** piety under Lugonu
  9620 | D:9      | Reached skill level 13 in Axes
  9711 | D:9      | Reached XP level 11. HP: 35/97 MP: 13/13
 10049 | D:9      | Found a glowing silver altar of Zin.
 10088 | D:9      | Found Midikh's Antique Armour Emporium.
 10134 | D:9      | Got the Atlas of Damaging Shapeshifting
 10174 | D:10     | Entered Level 10 of the Dungeon
 10191 | D:10     | Found a staircase to the Orcish Mines.
 10259 | D:10     | Reached skill level 14 in Axes
 10303 | D:10     | Found a runed translucent door.
 10341 | D:10     | Noticed waxwing's ghost (journeyman TeSu)
 10352 | D:10     | Killed waxwing's ghost
 10469 | D:10     | Reached skill level 1 in Evocations
 10490 | D:10     | Reached skill level 10 in Fighting
 10605 | D:10     | HP: 5/100 [warg (12)]
 10605 | D:10     | Slain by a warg

Illustrated notes

Levels and vault maps discovered:
D:1:      sevenhm_arrival_forest_fort_small_3, layout_loops_cross,
          dreamdust_ecumenical_altar_statues, roderic_lattice_a
D:2:      layout_basic, basic_altar, minmay_misc_feat_four_crosses,
          minmay_gold_behind_fungi, amcnicky_mini_rare_corridor_liquid
D:3:      layout_basic, nicolae_tso_carved_into_rock,
          minmay_overflow_temple_star_quad
D:4:      layout_cave_pools, kennysheep_little_box
D:5:      layout_basic, mainiacjoe_overflow_chevrons,
          minmay_temple_entry_statues_fountains, nrook_mini_backslash,
          hex_large, nicolae_elevator_lobby_asterisk
D:6:      layout_rooms, kennysheep_opposing_triangles, uniq_grinder,
          uniq_edmund, uniq_blork_the_orc
D:7:      layout_cave_pods, old_standard_altar, lemuel_crystal_altar,
          slow_altar_2, nicolae_titane
D:8:      layout_basic, hangedman_decor_points, kennysheep_windowed_goal,
          uniq_amaemon
D:9:      lemuel_slime, layout_basic, zin_statuary,
          nicolae_hepliaklqana_hazy_memory, serial_shops, shop,
          minmay_misc_feat_iff, nicolae_shop_gadgets
D:10:     lemuel_castle_with_subvaults [lemuel_castle_interior_original],
          layout_stronghold, ebering_ghost_reflecting_pool, serial_column_ruins,
          column_ruins_hut_water, column_ruins_hut_water,
          column_ruins_open_tiny, column_ruins_grid_3,
          column_ruins_columns_corner, nrook_uturn,
          chequers_serial_rivers_micro_a, uniq_erica

Skill      XL: |  1  2  3  4  5  6  7  8  9 10 11 |
---------------+----------------------------------+-----
Dodging        | 1 2 3 |  3.7
Fighting       | 4 5 6 7 8 9 10 | 10.2
Axes           | 3 4 5 6 7 9 11 13 14 | 14.4
Armour         | 3 4 6 7 8 9 |  9.4
Stealth        | 1 2 3 |  3.5
Spellcasting   | 1 |  1.6
Translocations | 1 |  1.5
Shields        | 2 3 |  3.6
Evocations     | 1 |  1.1
Invocations    | |  2.6

Action                   |  1- 3 |  4- 6 |  7- 9 | 10-12 || total
-------------------------+-------+-------+-------+-------++-------
Melee: Hand axe          |   121 |    59 |   261 |   273 ||   714
       Punch             |       |       |     1 |     4 ||     5
 Cast: Blink             |       |       |     4 |       ||     4
Evoke: Wand              |       |       |       |     4 ||     4
  Use: Scroll            |     5 |     2 |     5 |     3 ||    15
       Potion            |     2 |     4 |     1 |     5 ||    12
 Stab: Invisible         |       |     1 |       |       ||     1
       Sleeping          |       |       |     1 |     1 ||     2
Armor: Leather armour    |    33 |       |       |       ||    33
       Ring mail         |     6 |    21 |    93 |    15 ||   135
       Chain mail        |       |       |       |    59 ||    59
Dodge: Dodged            |    56 |    32 |    77 |    77 ||   242
Block: Other             |       |       |     4 |    29 ||    33
       Kite shield       |       |       |       |    59 ||    59
       Reflection        |       |       |       |     2 ||     2
